cohdb
Replays
Latest Replays
All Replays
Popular Replays
Top Player Replays
Match Explorer
How It Works
Community
CoH3 Stats
Reddit
Sign in to upload your games and track your stats! →
Sign in with Steam
Match 44790904
Unlisted
Match 44790904
Overview
Messages
Build Orders
End
Pioneer Squad
Construct Infanterie Kompanie
Selects Terror Battlegroup
Selects Machine Gun Camouflage
MG 42 Machine Gun Team
MG 42 Machine Gun Team
Construct Panzergrenadier Kompanie
Panzergrenadier Squad
Panzergrenadier Squad
Pak 40 Anti-tank Gun Team
Panzergrenadier Squad
Pak 40 Anti-tank Gun Team
Selects No Quarter
MG 42 Bunker
Construct Panzer Kompanie
Panzer IV Medium Tank
Pioneer Squad
Dr.evilooo
Pflümlischnapps
Menty
Sarmynation
0
0
Comments
sign in to comment!
No comments posted yet!